Cogmind - Beta 9.3 @@@ ROGUE MODE // 2020.01.01 @ 00:39:15 // Winter2019/RPGLIKE Player: mrbill82 Result: Destroyed by H-55 Commando with Gauss Rifle Performance ------------- Evolutions (2) 1000 Regions Visited (3) 600 Robots Destroyed (56) 280 Value Destroyed (1426) 1426 Prototype IDs (6) 120 Alien Tech Used (0) 0 Bonus (57) 57 TOTAL SCORE: 3483 Bonus ------- High Alert Combat Kills 57 Cogmind --------- Core Integrity 0/800 Matter 297/300 Energy 430/430 System Corruption 0% Temperature Cool (0) Movement Walking (120) Location -8/Materials Parts ------- > --- POWER (1) -------- Heavy Ion Engine > --- PROPULSION (4) --- Aluminum Leg Aluminum Leg Aluminum Leg Improved Aluminum Leg > --- UTILITY (5) ------ Improved Heat Sink Structural Scanner Advanced Terrain Scanner Improved Terrain Scan Processor Improved Targeting Computer > --- WEAPON (3) ------- Improved Medium Laser Enhanced Autogun Datajack > --- INVENTORY (2) ---- Aluminum Leg Peak State ------------ > --- POWER ------------ Heavy Ion Engine > --- PROPULSION ------- Aluminum Leg Aluminum Leg Aluminum Leg Improved Aluminum Leg > --- UTILITY ---------- Improved Heat Sink Structural Scanner Advanced Terrain Scanner Improved Terrain Scan Processor Improved Targeting Computer > --- WEAPON ----------- Improved Medium Laser Enhanced Autogun Datajack > --- INVENTORY -------- Aluminum Leg [Rating: 28] Favorites ----------- Power Ion Engine Engine Ion Engine Propulsion Aluminum Leg Leg Aluminum Leg Utility ECM Suite Device ECM Suite Processor Improved Targeting Computer Weapon Improved EM Shotgun Energy Gun Improved EM Shotgun Energy Cannon Advanced Beam Cannon Ballistic Gun Autogun Launcher Grenade Launcher Special Melee Weapon Datajack Build | -11 -10 -9 -8 ------- Run | Scr Mat Mat Mat Slots Evolved 9 | 3 . 4 2 Power . | . . . . Propulsion 3 | 1 . 1 1 Utility 4 | 1 . 2 1 Weapon 2 | 1 . 1 . Parts Attached 39 | 5 5 20 9 Power 4 | 1 . 3 . Engine 4 | 1 . 3 . Core . | . . . . Reactor . | . . . . Propulsion 8 | 2 . 3 3 Treads . | . . . . Leg 8 | 2 . 3 3 Wheel . | . . . . Hover . | . . . . Flight . | . . . . Utility 11 | . 2 5 4 Device 8 | . 2 3 3 Storage . | . . . . Processor 3 | . . 2 1 Hackware . | . . . . Protection . | . . . . Artifact . | . . . . Weapon 16 | 2 3 9 2 Energy Gun 6 | 2 . 3 1 Energy Cannon 1 | . . 1 . Ballistic Gun 2 | . . 1 1 Ballistic Cannon . | . . . . Launcher 4 | . 2 2 . Special Weapon . | . . . . Impact Weapon . | . . . . Slashing Weapon . | . . . . Piercing Weapon . | . . . . Special Melee Weapon 3 | . 1 2 . Unidentified Prototypes 4 | . . 2 2 Parts Lost 3 | . . 1 2 Power . | . . . . Propulsion . | . . . . Utility . | . . . . Weapon 3 | . . 1 2 Highest Loss Streak 2 | . . 1 2 Average Slot Usage (%) 93 | . 84 96 97 Engine 11 | . 14 11 7 Leg 27 | . 28 26 29 Device 21 | . 13 23 27 Processor 4 | . . 5 9 Energy Gun 14 | . 14 17 10 Ballistic Gun 2 | . . 3 2 Launcher 6 | . 12 5 . Special Melee Weapon 2 | . 1 1 7 Naked Turns . | . . . . Heaviest Build 21 | 8 12 21 20 Greatest Support 53 | 25 25 43 53 Greatest Overweight (x) . | . . . . Average Overweight (x) . | . . . . Largest Inventory Capacity 2 | 1 1 2 2 Average Capacity 1 | . 1 1 2 Most Carried 2 | . 1 2 2 Average Carried 1 | . . 1 1 Final Capacity 2 | 1 1 2 2 Final Carried 2 | . 1 2 1 Class Distribution -------------------- 51% | Mutant 17% | Infiltrator-Gunner 15% | Infiltrator-Mutant 9% | Scavenger-Assassin 4% | Scavenger-Mutant Dominant Class ---------------- Mutant | -10/Materials Mutant | -9/Materials Scavenger-Assassin | -8/Materials Resources | -11 -10 -9 -8 ----------- Run | Scr Mat Mat Mat Matter Collected 938 | 250 40 541 107 Remotely . | . . . . Salvage Created 1282 | . 43 851 388 Parts 116 | . 12 77 27 Haulers Intercepted 1 | . . 1 . Recyclers Shooed . | . . . . Parts Field Recycled . | . . . . Retrieved Matter . | . . . . Parts Self-Destructed . | . . . . Prevented . | . . . . Kills | -11 -10 -9 -8 ------- Run | Scr Mat Mat Mat Combat Hostiles Destroyed 43 | . 5 27 11 Guns 19 | . . 11 8 AOE 23 | . 5 15 3 Classes Destroyed 11 | . 3 8 . Worker 4 | . . 4 . Builder 2 | . . 2 . Tunneler 1 | . . 1 . Hauler 1 | . . 1 . Recycler 1 | . . 1 . Watcher 4 | . 1 2 1 Swarmer 16 | . 3 10 3 Grunt 18 | . 2 9 7 Brawler 1 | . . 1 . Duelist 1 | . . 1 . Sentry 7 | . . 6 1 Best Kill Streak 7 | . 5 7 4 Combat Bots Only 5 | . 5 4 4 Max Kills in Single Turn 4 | . 2 4 3 Gunslinging 1 | . . 1 . Exploded 3 | . 2 2 3 Melee . | . . . . Uniques/NPCs Destroyed . | . . . . Combat | -11 -10 -9 -8 -------- Run | Scr Mat Mat Mat Damage Taken 2229 | . 191 1116 922 Core 1791 | . 156 899 736 Absorbed by Shields . | . . . . Redirected to Core 1426 | . 113 693 620 Core Remaining (%) 82 | 100 100 47 . Volleys Fired 112 | . 6 69 37 Largest 3 | . 2 3 2 Hottest 113 | . 70 113 90 Shots Fired 182 | . 12 103 67 Gun 153 | . 6 80 67 Cannon . | . . . . Launcher 29 | . 6 23 . Special . | . . . . Kinetic 30 | . . 20 10 Thermal 3 | . . . 3 Explosive 29 | . 6 23 . Electromagnetic 120 | . 6 60 54 Robot Hit Streak 10 | . 7 10 8 Robot Miss Streak 4 | . 1 3 4 Penetration Max . | . . . . Secondary Targets 4 | . . 3 1 Max Gunslinging Chain 2 | . . 2 1 Shots Hit Robots 108 | . 10 70 28 Core Hits 105 | . 10 71 24 Critical Hits . | . . . . Critical Kills . | . . . . Critical Parts Destroyed . | . . . . Melee Attacks 6 | . 1 2 3 Impact . | . . . . Slashing . | . . . . Piercing . | . . . . Sneak Attacks 3 | . 1 1 1 Combat Hostiles . | . . . . Follow-up Attacks . | . . . . Damage Inflicted 3512 | . 341 2158 1013 Guns 1316 | . 46 720 550 Cannons . | . . . . Explosions 2163 | . 295 1405 463 Melee . | . . . . Ramming 33 | . . 33 . Kinetic 319 | . . 203 116 Thermal 377 | . . 166 211 Explosive 1836 | . 295 1239 302 Electromagnetic 947 | . 46 517 384 Impact . | . . . . Slashing . | . . . . Piercing . | . . . . Highest Corruption . | . . . . Average Corruption . | . . . . Corruption Purged . | . . . . Overload Shots . | . . . . Overflow Damage 91 | . . 46 45 Projectiles . | . . . . Explosions 91 | . . 46 45 Melee . | . . . . Knockbacks . | . . . . Impact . | . . . . Kinetic . | . . . . Secondary . | . . . . Self-Inflicted Damage 319 | . 69 106 144 Shots 8 | . 3 3 2 Rammed 8 | . . 8 . Targets Rammed 14 | . . 14 . Kicked 6 | . . 6 . Crushed . | . . . . Highest Temperature 79 | . 6 79 . Average Temperature 32 | . 6 33 . Received Heat Transfer 510 | . 57 255 198 Siege Activations . | . . . . Robots Corrupted 1 | . . 1 . Combat Hostiles 1 | . . 1 . Parts Fried 4 | . . 3 1 Impact Corruptions . | . . . . Robots Melted . | . . . . Combat Hostiles . | . . . . Parts Melted . | . . . . Heat Transferred 461 | . . 150 311 Parts Sabotaged . | . . . . Parts Stolen . | . . . . Parts Stripped . | . . . . Power Chain Reactions 6 | . . 4 2 Missiles Intercepted . | . . . . Alert | -11 -10 -9 -8 ------- Run | Scr Mat Mat Mat Peak Influence 495 | . 232 495 476 Average Influence 210 | . 85 246 305 Maximum Alert Level 2 | . 1 2 2 Low Security (%) 40 | 100 70 30 18 Level 1 48 | . 29 61 45 Level 2 10 | . . 7 35 Level 3 . | . . . . Level 4 . | . . . . Level 5 . | . . . . High Security . | . . . . Max Security . | . . . . Squads Dispatched 12 | . 2 5 5 Investigation 2 | . 1 1 . Extermination . | . . . . Reinforcement 7 | . 1 4 2 Assault . | . . . . Garrison 3 | . . . 3 Intercept . | . . . . Construction Impeded 1 | . . 1 . Haulers Reinforced . | . . . . Stealth | -11 -10 -9 -8 --------- Run | Scr Mat Mat Mat Distress Signals 7 | . 1 4 2 Communications Jammed . | . . . . Distress Signals . | . . . . Times Spotted 68 | . 8 39 21 Peak Tracking Total 6 | . 6 4 5 Tactical Retreats 6 | . . 3 3 Traps | -11 -10 -9 -8 ------- Run | Scr Mat Mat Mat Traps Triggered . | . . . . Indirectly . | . . . . Trap Hack Attempts . | . . . . Triggered . | . . . . Disarmed . | . . . . Reprogrammed . | . . . . Reused . | . . . . Traps Extracted . | . . . . Installed . | . . . . Triggered . | . . . . Machines | -11 -10 -9 -8 ---------- Run | Scr Mat Mat Mat Machines Disabled 5 | . 3 1 1 Max in Single Turn 1 | . 1 1 1 Machines Sabotaged . | . . . . Garrisons Compromised . | . . . . Overloaded Fab Kills . | . . . . Fab Network Shutdowns . | . . . . Hacking | -11 -10 -9 -8 --------- Run | Scr Mat Mat Mat Machines Accessed 10 | . 3 6 1 Terminals 9 | . 3 5 1 Fabricators . | . . . . Repair Stations 1 | . . 1 . Recycling Units . | . . . . Scanalyzers . | . . . . Garrison Access . | . . . . Total Hacks 34 | . 8 25 1 Successful 19 | . 6 13 . Failed 15 | . 2 12 1 Catastrophic 1 | . . . 1 Database Lockouts . | . . . . Manual . | . . . . Terminals 31 | . 8 22 1 Fabricators . | . . . . Repair Stations 3 | . . 3 . Recycling Units . | . . . . Scanalyzers . | . . . . Garrison Access . | . . . . Terminal Hacks 17 | . 6 11 . Record 4 | . 1 3 . Prototype ID Bank 1 | . 1 . . Branch Access Points 1 | . 1 . . Emergency Access Points 1 | . 1 . . Alert Level 2 | . . 2 . Unreport Threat 2 | . . 2 . Dispatch Records 1 | . . 1 . Recall Investigation 1 | . 1 . . Recall Reinforcements 1 | . 1 . . Hauler Manifests 2 | . . 2 . Zone Layout 1 | . . 1 . Fabricator Hacks . | . . . . Repair Station Hacks 2 | . . 2 . Scan Component 1 | . . 1 . Repair 1 | . . 1 . Recycling Unit Hacks . | . . . . Scanalyzer . | . . . . Garrison Access Hacks . | . . . . Unauthorized Hacks . | . . . . Terminals . | . . . . Fabricators . | . . . . Repair Stations . | . . . . Recycling Units . | . . . . Scanalyzers . | . . . . Garrison Access . | . . . . Data Cores Recovered . | . . . . Used . | . . . . Hacking Detections 6 | . 2 4 . Full Trace Events 2 | . 1 1 . Feedback Events . | . . . . Feedback Blocked . | . . . . Robot Schematics Acquired . | . . . . Robots Built . | . . . . Matter . | . . . . Time . | . . . . Total Robot Build Rating . | . . . . Part Schematics Acquired . | . . . . Parts Built . | . . . . Matter . | . . . . Time . | . . . . Total Part Build Rating . | . . . . Parts Repaired 1 | . . 1 . Time 44 | . . 44 . Parts Recycled . | . . . . Recycled Matter . | . . . . Retrieved Matter . | . . . . Retrieved Components . | . . . . Parts Scanalyzed . | . . . . Part Schematics Acquired . | . . . . Parts Damaged . | . . . . Bothacking | -11 -10 -9 -8 ------------ Run | Scr Mat Mat Mat Used RIF Installer . | . . . . Robots Hacked 3 | . 1 1 1 Non-combat 3 | . 1 1 1 Combat . | . . . . Robot Hacks Applied 3 | . 1 1 1 no_distress 3 | . 1 1 1 Relay Couplers Released . | . . . . Robots Rewired . | . . . . Allies Hacked . | . . . . Hacks Repelled . | . . . . Allies | -11 -10 -9 -8 -------- Run | Scr Mat Mat Mat Total Allies . | . . . . Largest Group . | . . . . Highest-Rated Group . | . . . . Highest-Rated Ally . | . . . . Total Orders . | . . . . Ally Attacks . | . . . . Total Damage . | . . . . Kills . | . . . . Allies Corrupted . | . . . . Allies Melted . | . . . . Intel | -11 -10 -9 -8 ------- Run | Scr Mat Mat Mat Robot Analysis Total . | . . . . Derelict Logs Recovered . | . . . . Drone Launches . | . . . . Drone Recoveries . | . . . . Exploration | -11 -10 -9 -8 ------------- Run | Scr Mat Mat Mat Turns Passed 2419 | 76 600 1280 463 Spaces Moved 1598 | 63 460 807 268 Core 10 | 10 . . . Treads . | . . . . Legs 1588 | 53 460 807 268 Wheels . | . . . . Hover . | . . . . Flight . | . . . . Fastest Speed 50 | 50 120 120 120 Average Speed 119 | 108 120 120 120 Slowest Speed 120 | 120 120 120 120 Overloaded Moves . | . . . . Propulsion Burnouts . | . . . . Robots Hopped . | . . . . Cave-ins Triggered . | . . . . Exploration Rate (%) 31 | 4 58 52 13 Regions Visited 3 Branch Regions . Pre-discovered Areas . | . . . . Known Exits Taken . | . . . . Unknown Exits Taken 3 | 1 1 1 . Scrap Searched . | . . . . Spaces Dug . | . . . . Terrain Destroyed 161 | . 23 101 37 Melee . | . . . . Projectile . | . . . . AOE 161 | . 23 101 37 Actions | -11 -10 -9 -8 --------- Run | Scr Mat Mat Mat Total 1930 | 68 496 1022 344 Wait 85 | 1 9 68 7 Move 1595 | 62 459 806 268 Hop . | . . . . Pick Up 7 | . 4 3 . Fast Attach 26 | 5 3 13 5 Attach 6 | . 2 2 2 Detach 1 | . 1 . . Swap 8 | . . 6 2 Drop 22 | . 4 14 4 Fire 112 | . 6 69 37 Melee 6 | . 1 2 3 Ram . | . . . . Kick 14 | . . 14 . Crush . | . . . . Escape Stasis . | . . . . Rewire . | . . . . Trap . | . . . . Miscellaneous 48 | . 7 25 16 Route ------- -11/Scrapyard -10/Materials (discovered 2 exits: *Mat / *Min) -9/Materials (discovered 3 exits: *Mat x2 / [*Min]) -8/Materials History --------- Turn | Location | Event 3 | -11/Scrapyard | Upgraded with Propulsion slot (x1) 3 | -11/Scrapyard | Upgraded with Utility slot (x1) 3 | -11/Scrapyard | Upgraded with Weapon slot (x1) 7 | -11/Scrapyard | Discovered new exit (range 15) 77 | -11/Scrapyard | Entered Materials 128 | -10/Materials | Discovered new exit (range 14) 307 | -10/Materials | Build established: Mutant 330 | -10/Materials | Discovered new exit (range 11) 554 | -10/Materials | Identified exit to Mines 677 | -10/Materials | Entered another Materials area 679 | -9/Materials | Reached level 2 847 | -9/Materials | Reached level 3 1066 | -9/Materials | Core integrity fell below 50% 1164 | -9/Materials | Repaired Broken Imp. Sensor Array 1237 | -9/Materials | Upgraded with Propulsion slot (x1) 1237 | -9/Materials | Upgraded with Utility slot (x1) 1237 | -9/Materials | Upgraded with Weapon slot (x1) 1258 | -9/Materials | Discovered new exit (range 6) 1370 | -9/Materials | Discovered new exit (range 17) 1379 | -9/Materials | Reached level 4 1469 | -9/Materials | Core integrity fell below 20% 1570 | -9/Materials | Build established: Infiltrator-Gunner 1630 | -9/Materials | Upgraded with Utility slot (x1) 1676 | -9/Materials | Discovered new exit (range 11) 1932 | -9/Materials | Reached level 5 1957 | -9/Materials | Entered another Materials area 1958 | -8/Materials | Core integrity fell below 50% 1959 | -8/Materials | Reached level 6 1961 | -8/Materials | Upgraded with Propulsion slot (x1) 1961 | -8/Materials | Upgraded with Utility slot (x1) 2008 | -8/Materials | Build established: Infiltrator-Mutant 2030 | -8/Materials | Core integrity fell below 20% 2036 | -8/Materials | Garrison activated, responded to threat 2420 | -8/Materials | Destroyed by H-55 Commando with Gauss Rifle Last Messages --------------- K-01 Serf collects debris. U-05 Engineer builds a Wall. K-01 Serf collects debris. Dropped Heat Sink. Acquired Imp. Terrain Scan Processor. Acquired Prototype Ballistic Gun. Identified Enh. Autogun. Identified Imp. Medium Laser. G-47 Trooper destroyed. Acquired 43 matter. O-16 Technician uses terminal to summon reinforcements. ALERT: Hostiles spotted, dispatching reinforcements to Terminal M001. O-16 Technician locks terminal. Jacked O-16 Technician... >>no_distress Distress signal routine blocked. W-25 Informer destroyed. Y-45 Defender destroyed. Acquired 24 matter. R-06 Scavenger collects Heat Sink. Map ----- +----------------------------------------------------+ | ????##??#########?#???#######?#?######?###?#?#?? | | ????????#"""""##?#?#######?##?###########?####???" | | ???######""T""######## # #######?##?#?######### "" | | ???# ############???#??##??? | | ???# # # ########?####??##### ? | | ???# !!! !! !% # ##########?######## "" | | ???##### ! = !! # =*# ###################??" | | ?????### !! ! # # #############?##### "? | | ?##?#### ![%=# %!# ################### ? | | ######## !== ###+############################ | | # % !% = | | # = =[* ! % | | # ! = ! % | | # #####+#########################+####### * | | # ?## ################ % ### | | # ? ?## ? ##########?#####""""" ! ### " | | #????## """ ?###############""""" ### T | | ?? ??## """ ################""""" ### " | | ?? #?# """ ??" ## ########""""" ### | | ? ? ?## ? G"?## ! """#?######""""" ### | | # ?### ??"?## """########""""" #########+ | | ? ###? ? ?? ## """########""""" #?##### | | #? ???####?+###?## ! """######?# ####### "" | | ?? #?###? #### ####################### "" | | ? ??#?## #######+######################### "" | | ? ? [ T o ^r h %=!%@= + | | #? ###?# ##+############################## ! | | ?#??##?#? ?# ######?##################### | | ??? ?##?##?+#### ??"?# ###################### | | ?## ##### ??? ? """# ? ###############??##### | | ??# ?##?# "?" # ? S"? ##########??########## | | ??# ##### "T" ? ? # ##############?####### | | ??? #??## # ? ?#? # # ###??#??# | | ??#?##### ??#+#??## # ? # """ ######### | | ??#?##??#? ? #??##?##? + + "?" #?####### | | ?????#?#?###?#### ##### """ # # ?""? ######### | | ???????#? ####?##?##### ?"" # ?? ?? ?##?##### | | ?????########?#?#??#### """ ### #?# ? ??##?##?# | | ????#?????????###? ?? ##? ##?##??####?????## | | ??????? ? ?####?? ? # ### ## ? ?#####?#?# | | ?????????? ?#?# ? ###?+### # ? ?#?#?####? | | ?????????????##?# ? ? ? ? + ? ????#??###?#? | | ?????????????#### ? ??##?### #????###?? #?? | | ??????????????###??""? ??###?##+?###?####?# ???#?? | | ?????????????????? ???? ##????? ? ??#?# ???? | | ?????????????????????????????????????????????????? | | ?????????????????????????????????????????????????? | | ?????????????????????????????????????????????????? | | ?????????????????????????????????????????????????? | | ?????????????????????????????????????????????????? | +----------------------------------------------------+ Best States ------------- Heat Dissipation 73 Energy Generation 14 Energy Capacity 430 Matter Stores 300 Matter Capacity 300 Sight Range 17 Robot Scan Range 19 Terrain Scan Range 20 Terrain Scan Density 210 ECM Strength 3 Evasion (%) 40 Targeting Accuracy 6 Item Schematics ----------------- None Robot Schematics ------------------ None Fabricated ------------ Nothing Alien Tech Used ----------------- None Achievements -------------- GoHome() Omniscient Cartographer Troublemaker Challenges ------------ None RPGLIKE | -11 -10 -9 -8 --------- Run | Scr Mat Mat Mat Levels Raised 5 | . . 4 1 XP Earned 11991 | 3000 925 5091 2975 XP Spent 10480 | 3000 . 4450 3030 Upgrades 30 | 16 . 9 5 Propulsion Slot 3 | 1 . 1 1 Utility Slot 4 | 1 . 2 1 Weapon Slot 2 | 1 . 1 . Core Integrity 4 | 3 . . 1 Heat Dissipation 4 | 2 . 2 . Energy Storage 3 | 1 . . 2 Mass Support 2 | 1 . 1 . Inventory Capacity 2 | 1 . 1 . Sight Range 1 | 1 . . . Sensor Range 3 | 3 . . . Terrain Scan Density 1 | . . 1 . Ranged Accuracy 1 | 1 . . . Protomatter Created 591 | . 60 331 200 Integrity Restored 979 | . 156 508 315 Core 979 | . 156 508 315 Protomatter Decayed 128 | . 8 120 . Game ------ Seed StasisCoreChip Manual? 0 Play Time 00:48:16 Cumulative 6.4 hours Start 2019.12.31 @ 12:21:31 End 2020.01.01 @ 00:39:15 Sessions 3 Manual Loads 0 Difficulty Rogue Special Mode Winter2019/RPGLIKE Game No. 13 Rogue 13 Adventurer 0 Explorer 0 Win Type - Total 0 Types 0/0/0/0/0/0/0 Lore% 12 Gallery% 9 Achievement% 8 Wizard Run 0 Options --------- ASCII 0 Keyboard 1 Movement Numpad Keybinds 0 Fullscreen 2 Font 18/X11 Map View 76x50 Tactical HUD 0 Map Filters NONE Filters NONE Steam 1 RUN: 9277b1b6-dbef-4b1a-a4f7-9058a9fb62c8